 Dungeon Crawl Stone Soup version 0.28-a0-906-g0406aca7d3 (webtiles) character file.

Game seed: 3138307918827375326

142 bande the Covered (level 5, -2/33 HPs)
             Began as a Gargoyle Fighter on Nov 24, 2021.
             Slain by Crazy Yiuf (14 damage)
             ... on level 3 of the Dungeon.
             The game lasted 00:03:34 (2729 turns).

bande the Covered (Gargoyle Fighter)                Turns: 2729, Time: 00:03:35

Health: -2/33      AC:  0    Str: 21    XL:     5   Next: 24%
Magic:  5/5        EV: 22    Int:  8    God:
Gold:   138        SH:  0    Dex: 14    Spells: 4/4 levels left

rFire   . . .      SeeInvis .   (weapon currently unavailable)
rCold   . . .      Faith    .   (shield currently unavailable)
rNeg    + . .      Spirit   .   (armour currently unavailable)
rPois   ∞          Reflect  .   (helmet currently unavailable)
rElec   .          Harm     .   (cloak currently unavailable)
rCorr   .          Rampage  .   (gloves currently unavailable)
Will    .....                   (boots currently unavailable)
Stlth   +.........              (no amulet)
HPRegen 0.11/turn               (ring currently unavailable)
MPRegen 0.09/turn               (ring currently unavailable)

@: mighty, agile, bat-form, flying, invisible (expiring), very quick
A: fast, flying, no casting, sickness immunity, AC +4, tiny, negative energy
resistance 1, (electricity resistance), torment resistance 1, petrification
resistance
a: no special abilities


You were on level 3 of the Dungeon.
You were a bat.
You visited 1 branch of the dungeon, and saw 3 of its levels.

You collected 138 gold pieces.

Inventory:

Hand Weapons
 a - a +0 war axe (melded)
 h - a +0 flail
Armour
 c - a +0 buckler (melded)
 e - a +0 hat
 g - a +0 chain mail (melded)
Potions
 b - a potion of lignification {unknown}
 d - 2 potions of might
 f - 2 potions of brilliance
 i - a potion of resistance
 j - a potion of ambrosia {unknown}
 k - a potion of flight {unknown}
 m - a potion of curing {unknown}


   Skills:
 + Level 3.9 Fighting
 + Level 3.3 Axes
 + Level 4.2 Armour
 + Level 4.0 Shields


You had 4 spell levels left.
You didn't know any spells.
Your spell library contained the following spells:

 Spells                   Type           Power      Damage    Failure   Level
 Animate Skeleton         Necr           0%         N/A       41%         1
 Pain                     Necr           0%         1d4       41%         1
 Vampiric Draining        Necr           0%         2d6       78%         3
 Airstrike                Air            0%         N/A       99%         4
 Summon Lightning Spire   Summ/Air       0%         N/A       99%         4
 Lightning Bolt           Conj/Air       0%         1d11      100%        5


Dungeon Overview and Level Annotations

Branches:
Dungeon (3/15)

Altars:
Ru
Yredelemnul
Zin

Annotations:
D:3 Crazy Yiuf


Innate Abilities, Weirdness & Mutations

You are a bat.
You are tiny and dextrous.
You move quickly.
You are flying.
Your equipment is almost entirely melded.
You are incapable of wielding weapons or throwing items.
You cannot cast spells.
You are immune to sickness and miasma.
((Your stone body is resilient. (AC +4)))
You are immune to poison.
You resist negative energy. (rN+)
((You are resistant to electric shocks. (rElec)))
You are resistant to unholy torment.
You are immune to petrification.


Message History

Crazy Yiuf flickers and vanishes!
Deactivating autopickup; reactivate with Ctrl-A.
You hear a zap.
Something tries to affect you, but you resist.
There is an open translucent door here.
You closely miss something. Something hits you.
Something tries to affect you, but you resist.
You hit something. You block something's attack.
You hear a zap.
Something tries to affect you, but you resist.
You closely miss something. Something hits you.
You feel very mighty all of a sudden.
You completely miss something.
You hear a zap.
Something tries to affect you, but you resist.
You closely miss something. Something hits you.
You fade into invisibility!
Something hits you but does no damage.
You are confused.
You feel less confused. Something hits you but does no damage.
Something hits you but does no damage.
You feel agile all of a sudden.
You hear a zap.
Something tries to affect you, but you resist.
There is an open translucent door here.
You hear a zap.
You turn into a bat.
Your +0 war axe melds into your body.
Your +0 buckler melds into your body.
Your +0 chain mail melds into your body.
The now-empty wand crumbles to dust.
There is an open translucent door here.
You hit something. Something closely misses you.
You closely miss something. Something hits you. Something burns you.
You closely miss something.
You flicker for a moment.
Something misses you.
You hit something. Something barely misses you.
You hit something. Something hits you!
You die...

.._......# #.# #.# .....≈≈..#
#.# #.# .≈.≈..≈..# #.# #.#
≈≈.≈≈...###### #..
..........# #.. .###..#####
####### #.. .###.##
########.#...######.. ..##.#
#...##..#............ .....#
#..{b.####......###.# ..####
#)..### ##..#..# #.# .##
##### #####.# #.# .# #.# #.#
># #.# #.# .# #.# #.# .###
#.# #.# ...############# #.#
#.#
.#.##..........############.#
#.#


There were no monsters in sight!

Vanquished Creatures
  Jessica (D:3)
  Terence (D:3)
  An adder (D:3)
  A worm (D:2)
  A dart slug (D:1)
  6 orcs (D:3)
  6 ball pythons
  3 bats
  4 endoplasms
  15 giant cockroaches
  4 goblins
  5 hobgoblins
  2 jackals (D:1)
  A quokka (D:3)
  2 frilled lizards
  6 kobolds
  6 rats
65 creatures vanquished.

Vanquished Creatures (others)
  5 toadstools (D:1)
5 creatures vanquished.

Grand Total: 70 creatures vanquished

Notes
Turn   | Place    | Note
-------+----------+-------------------------------------------
     0 | D:1      | bande the Gargoyle Fighter began the quest for the Orb.
     0 | D:1      | Reached XP level 1. HP: 14/14 MP: 1/1
    85 | D:1      | Reached XP level 2. HP: 17/19 MP: 2/2
   344 | D:1      | Found a faded altar of an unknown god.
   687 | D:2      | Reached XP level 3. HP: 23/23 MP: 3/3
  1637 | D:3      | Found a glowing silver altar of Zin.
  1663 | D:3      | Reached XP level 4. HP: 27/29 MP: 4/4
  1995 | D:3      | Noticed Terence
  2001 | D:3      | Killed Terence
  2059 | D:3      | Found a basalt altar of Yredelemnul.
  2059 | D:3      | Noticed Jessica
  2082 | D:3      | Killed Jessica
  2083 | D:3      | Reached XP level 5. HP: 10/33 MP: 5/5
  2523 | D:3      | Found a sacrificial altar of Ru.
  2659 | D:3      | Found a runed translucent door.
  2660 | D:3      | Noticed Crazy Yiuf
  2729 | D:3      | Slain by Crazy Yiuf

Illustrated notes

Levels and vault maps discovered:
D:1:      ldierk_walled_garden, layout_rooms,
          dreamdust_ecumenical_altar_hidden_monk_grotto
D:2:      minmay_roachtagon, layout_loops_corners
D:3:      layout_loops_ring, mainiacjoe_overflow_small_starburst,
          nicolae_ru_the_path_less_chosen, nicolae_overflow_crystal_walls,
          dk_vineyard_3, uniq_crazy_yiuf_cottage, uniq_jessica, uniq_terence

Skill      XL: |  1  2  3  4 |
---------------+-------------+-----
Axes           | 2 3 |  3.3
Armour         | 4 |  4.2
Shields        | 4 |  4.0
Fighting       | |  3.9

Action                   |  1- 3 |  4- 6 || total
-------------------------+-------+-------++-------
Melee: War axe           |   117 |    59 ||   176
       Unarmed           |       |     5 ||     5
  Use: Scroll            |     1 |     4 ||     5
Armor: Scale mail        |    22 |       ||    22
       Chain mail        |    74 |    57 ||   131
Dodge: Dodged            |    49 |    20 ||    69
Block: Buckler           |    39 |    16 ||    55

Table legend: (Time is in decaauts)
 A = Elapsed time spent in this place.
 B = Non-inter-level travel time spent in this place.
 C = Inter-level travel time spent in this place.
 D = Time resting spent in this place.
 E = Time spent auto-exploring this place.
 F = Levels seen in this place.
 G = Mean time per level.
                   A        B        C        D        E       F      G
               +--------+--------+--------+--------+--------+-----+--------+
         Total |   2800 |   2800 |      0 |    132 |   2108 |   3 |  933.3 |
       Dungeon |   2800 |   2800 |      0 |    132 |   2108 |   3 |  933.3 |
               +--------+--------+--------+--------+--------+-----+--------+

Top non-repeatable levels by time:
     D:3: 1146 daAuts
     D:2: 944 daAuts
     D:1: 709 daAuts
